 Dungeon Crawl Stone Soup version 0.30-a0-672-gc3a7216ad8 (webtiles) character file.

Game seed: 6513383273438617154

3710 PimpSugar the Magician (level 9, -2/66 HPs)
             Began as a Demonspawn Hedge Wizard on Jan 19, 2023.
             Was a Believer of Vehumet.
             Slain by a yak (11 damage)
             ... on level 8 of the Dungeon.
             The game lasted 00:28:05 (10788 turns).

PimpSugar the Magician (Demonspawn Hedge Wizard)   Turns: 10788, Time: 00:28:05

Health: -2/66      AC:  9    Str: 16    XL:     9   Next: 91%
Magic:  9/18       EV: 13    Int: 20    God:    Vehumet [**....]
Gold:   37         SH:  5    Dex: 13    Spells: 16/21 levels left

rFire   . . .      SeeInvis .    N - +3 whip (elec)
rCold   + . .      Faith    .    (no shield)
rNeg    . . .      Spirit   .    u - +2 leather armour {rPois}
rPois   +          Reflect  +    t - +2 helmet
rElec   .          Harm     .    p - +0 cloak
rCorr   .          Rampage  .    (no gloves)
Will    .....                    (no boots)
Stlth   ++                       S - amulet of reflection
HPRegen 1.31/turn                G - ring of protection from cold
MPRegen 0.16/turn                J - +6 ring of strength

@: mighty, lethally poisoned (-2 -> -2)
A: claws 1, powered by death 1, demonic magic 2
a: Renounce Religion


You were on level 8 of the Dungeon.
You worshipped Vehumet.
Vehumet was pleased with you.
You visited 2 branches of the dungeon, and saw 9 of its levels.
You also visited: Sewer and Ossuary.

You collected 405 gold pieces.
You spent 368 gold pieces at shops.

Inventory:

Hand Weapons
 a - a +0 dagger
 r - a +2 dagger of venom
 x - a +2 short sword of freezing
 y - a +1 dagger of pain
 N - a +3 whip of electrocution (weapon)
 U - a +4 long sword of freezing
Missiles
 e - 73 stones
 k - 2 throwing nets
 z - 2 boomerangs
 B - 5 poisoned darts
 L - a silver boomerang
Armour
 b - a +0 robe
 c - a +0 hat
 p - a +0 cloak (worn)
 t - a +2 helmet (worn)
 u - a +2 leather armour of poison resistance (worn)
 R - a +0 chain mail of fire resistance
Magical Staves
 P - a staff of air
Jewellery
 G - a ring of protection from cold (left claw)
 J - a +6 ring of strength (right claw)
 K - a ring of ice
 S - an amulet of reflection (around neck)
 T - a ring of flight
Wands
 h - a wand of paralysis (5)
 I - a wand of digging (6)
Scrolls
 f - 6 scrolls of teleportation
 g - 2 scrolls of fear
 j - a scroll of noise
 o - a scroll of magic mapping
 v - 6 scrolls of blinking (quivered)
 A - a scroll of torment
 C - a scroll of immolation
 E - a scroll of brand weapon
 H - 2 scrolls of vulnerability
Potions
 d - 3 potions of magic
 i - 3 potions of brilliance
 l - a potion of berserk rage
 m - 2 potions of cancellation
 n - a potion of might
 q - 2 potions of mutation
 s - 4 potions of resistance
 w - a potion of invisibility
 D - a potion of attraction {unknown}
 F - 3 potions of curing {unknown}
 M - 2 potions of flight
 O - 4 potions of haste {unknown}


   Skills:
 + Level 4.3 Fighting
 + Level 4.5 Dodging
 + Level 4.6 Stealth
 * Level 6.6 Spellcasting
 * Level 6.3 Conjurations
 + Level 4.5 Summonings
 + Level 1.8 Necromancy
 + Level 4.1 Translocations
 + Level 1.2 Ice Magic
 * Level 2.0 Air Magic
 + Level 1.3 Evocations


You had 16 spell levels left.
You knew the following spells:

 Your Spells              Type           Power      Damage    Failure   Level
a - Magic Dart            Conj           100%       1d8       1%          1
b - Call Imp              Summ           24%        N/A       2%          2
c - Freeze                Ice            44%        1d6       8%          1
d - Shock                 Conj/Air       92%        1d8       2%          1

Your spell library contained the following spells:

 Spells                   Type           Power      Damage    Failure   Level
 Blink                    Tloc           46%        N/A       3%          2
 Cigotuvi's Dreadful Rot  Necr/Pois/Air  22%        N/A       11%         2
 Slow                     Hex            24%        N/A       12%         1
 Mephitic Cloud           Conj/Pois/Air  17%        N/A       12%         3


Dungeon Overview and Level Annotations

Branches:
Dungeon (8/15)             Temple (1/1) D:5            Lair (0/5) D:8
  Sewer (visited)         Ossuary (visited)

Altars:
Ashenzari
Cheibriados
Dithmenos
Fedhas
Gozag
Hepliaklqana
Kikubaaqudgha
Makhleb
Nemelex Xobeh
Okawaru
Qazlal
Ru
Sif Muna
Trog
Uskayaw
Vehumet
Wu Jian
Xom
Yredelemnul

Shops:
D:1 =   D:2 *


Innate Abilities, Weirdness & Mutations

You have sharp fingernails.
You regenerate a little health from kills.
Spells you cast may paralyse nearby enemies.


Message History

Casting: Shock (safe; 2% risk of failure)
Confirm with . or Enter, or press ? or * to list all spells.
Aiming: Shock (safe; 2% risk of failure)
Press: ? - help, Shift-Dir - straight line, f/p - yak
Aim: a yak (lightly wounded, 84% to hit)
Okay, then.
Casting: Shock (safe; 2% risk of failure)
Confirm with . or Enter, or press ? or * to list all spells.
A beastly little devil appears in a puff of flame.
Malevolent energies surge around you.
The yak suddenly stops moving!
The killer bee suddenly stops moving!
The ice beast suddenly stops moving!
The yak suddenly stops moving!
The killer bee barely misses you.
The killer bee stings you but does no damage.
You block the yak's attack.
You hear the crackle of electricity.
N - a +3 whip of electrocution (weapon)
The killer bee buzzes angrily.
You hear an angry buzzing noise.
You block the killer bee's attack.
You hear an angry buzzing noise.
The helpless killer bee fails to defend itself.
You whack the killer bee!
You kill the killer bee!
Vehumet accepts your kill.
You feel your power returning. The killer bee barely misses you.
The yak barely misses you.
Your crimson imp barely misses the killer bee.
A killer bee comes into view.
The killer bee stings you.
* * * LOW HITPOINT WARNING * * *
You are poisoned.
The killer bee poisons you! The killer bee barely misses you.
You miss the killer bee.
The killer bee is moderately wounded.
You feel very sick.
The ice beast is no longer paralysed.
The yak is no longer paralysed.
The killer bee stings you.
* * * LOW HITPOINT WARNING * * *
The killer bee stings you but does no damage.
The yak barely misses you. The yak gores you!
You die...

..# ..# ..## #.
###.!.## ## #.
.......## ##..#.
##y5.....#
....#.###.y.......
........+.@Y......
....{...#y†Yk.....
#..#....Y#YY.....#
.........h#.....##
#....##........##
##.# #.....#+##
Y..Y##.......#
....#........#
>...........##


You could see a polar bear, 3 yaks, a rime drake (paralysed), 2 ice beasts, 3
killer bees and a friendly crimson imp (summoned).

Vanquished Creatures
  A polar bear (D:8)
  Sigmund (D:4)
  A wyvern (D:8)
  A yak (D:8)
  A water moccasin (D:6)
  2 black bears
  3 ice beasts
  A sky beast (D:6)
  2 ogres
  2 wolves (D:8)
  A centaur (D:5)
  4 bullfrogs
  Blork the orc (D:4)
  2 necrophages
  A scorpion (D:6)
  A water moccasin zombie (Ossuary)
  5 wights (D:8)
  2 killer bees (D:8)
  3 hounds
  3 jellies
  An iguana (D:7)
  An orc wizard (D:5)
  2 mummies (Ossuary)
  Robin (D:2)
  7 gnolls
  13 adders
  4 shadow imps
  2 white imps
  An ufetubus (D:5)
  5 adder zombies (Ossuary)
  3 worms
  3 dart slugs
  9 orcs
  6 bats
  7 endoplasms
  8 giant cockroaches
  4 gnoll zombies (Ossuary)
  24 goblins
  9 hobgoblins
  3 jackals (D:2)
  5 kobolds
  2 quokkas
  15 ball pythons
  2 frilled lizards
  4 hobgoblin zombies (Ossuary)
  2 kobold zombies (Ossuary)
  10 orc zombies (Ossuary)
  26 rats
217 creatures vanquished.

Vanquished Creatures (collateral kills)
  A sky beast (D:6)
  An ice beast (D:5)
  A phantom (D:7)
  A water moccasin zombie (Ossuary)
  A hound (D:4)
  3 adders
  2 worms (D:2)
  A dart slug (D:1)
  3 orcs
  An endoplasm (D:2)
  2 goblins (D:2)
  A quokka (D:2)
  3 ball pythons (Sewer)
  2 kobolds
  3 rats (Sewer)
26 creatures vanquished.

Grand Total: 243 creatures vanquished

Notes
Turn   | Place    | Note
-------+----------+-------------------------------------------
     0 | D:1      | PimpSugar the Demonspawn Hedge Wizard began the quest for
                  | the Orb.
     0 | D:1      | Reached XP level 1. HP: 13/13 MP: 4/4
   262 | D:1      | Reached skill level 1 in Translocations
   325 | D:1      | Gained mutation: Spells you cast may paralyse adjacent
                  | enemies. [demonic ancestry]
   325 | D:1      | Reached XP level 2. HP: 18/19 MP: 3/6
   400 | D:1      | Found Unoab's Jewellery Shoppe.
   603 | D:1      | Learned a level 2 spell: Call Imp
   945 | D:2      | Found a shimmering altar of Xom.
   963 | D:2      | Reached XP level 3. HP: 15/25 MP: 4/7
  1329 | D:2      | Reached skill level 1 in Fighting
  1626 | D:2      | Reached XP level 4. HP: 5/32 MP: 3/9
  1821 | D:2      | Found Fiovien's Assorted Antiques.
  1849 | D:2      | Bought a fuming red potion for 19 gold pieces
  1849 | D:2      | Bought a smoky cyan potion for 19 gold pieces
  1894 | D:2      | Noticed Robin
  1913 | D:2      | Killed Robin
  2467 | D:3      | Reached XP level 5. HP: 37/37 MP: 10/10
  2887 | D:3      | Found a hazy altar of Hepliaklqana.
  3629 | D:4      | Noticed Blork the orc
  3640 | D:4      | Noticed a black bear
  3645 | D:4      | Killed Blork the orc
  3646 | D:4      | Gained mutation: Spells you cast may paralyse nearby
                  | enemies. [demonic ancestry]
  3646 | D:4      | Reached XP level 6. HP: 23/44 MP: 9/11
  3758 | D:4      | Found a glowing drain.
  3789 | Sewer    | Entered a sewer
  4057 | Sewer    | Gained mutation: You have sharp fingernails. [demonic
                  | ancestry]
  4057 | Sewer    | Reached XP level 7. HP: 18/50 MP: 10/13
  4493 | D:4      | Noticed Sigmund
  4503 | D:4      | Killed Sigmund
  4867 | D:5      | Entered Level 5 of the Dungeon
  4908 | D:5      | Found a staircase to the Ecumenical Temple.
  4920 | Temple   | Entered the Ecumenical Temple
  5255 | Temple   | Became a worshipper of Vehumet
  5498 | D:5      | Reached XP level 8. HP: 56/57 MP: 13/15
  5549 | D:5      | Reached skill level 5 in Spellcasting
  7232 | D:6      | Reached skill level 5 in Conjurations
  7957 | D:7      | Gained mutation: You regenerate a little health from kills.
                  | [demonic ancestry]
  7957 | D:7      | Reached XP level 9. HP: 56/65 MP: 11/17
  7978 | D:7      | Reached * piety under Vehumet
  7978 | D:7      | Offered knowledge of Freeze by Vehumet.
  7981 | D:7      | Learned a level 1 spell: Freeze
  8357 | D:7      | Found a sand-covered staircase.
  8362 | Ossuary  | Entered an ossuary
  9054 | D:7      | Reached ** piety under Vehumet
  9105 | D:7      | Offered knowledge of Shock by Vehumet.
  9110 | D:7      | Learned a level 1 spell: Shock
  9891 | D:1      | Bought an amulet of reflection for 330 gold pieces
 10382 | D:8      | Reached skill level 1 in Air Magic
 10515 | D:8      | Reached skill level 1 in Necromancy
 10622 | D:8      | Reached skill level 1 in Evocations
 10623 | D:8      | Noticed a polar bear
 10642 | D:8      | Killed a polar bear
 10643 | D:8      | Reached skill level 1 in Ice Magic
 10757 | D:8      | Noticed a rime drake
 10759 | D:8      | Found a staircase to the Lair.
 10763 | D:8      | Noticed a polar bear
 10788 | D:8      | Slain by a yak

Illustrated notes

Levels and vault maps discovered:
D:1:      minmay_arrival_stone_box, layout_rooms, serial_shops, shop
D:2:      layout_loops_cross, basic_altar, serial_shops, shop,
          minmay_misc_feat_tower, uniq_robin
D:3:      layout_basic, mainiacjoe_overflow_alcove_2
D:4:      cheibrodos_greedy_goblins, layout_basic, gup_sewer_entry_glass,
          uniq_sigmund, uniq_blork_the_orc
D:5:      layout_basic, minmay_temple_entry_antechambers
D:6:      layout_basic, kennysheep_little_box
D:7:      layout_layer_cave, enter_ossuary_2, dreamdust_princess_bridge
D:8:      layout_loops_corners, hellmonk_lair_entry_icy
Temple:   mainiacjoe_temple_cubbyholes

Skill      XL: |  1  2  3  4  5  6  7  8  9 |
---------------+----------------------------+-----
Translocations | 1 2 3 4 |  4.1
Dodging        | 2 3 4 |  4.5
Stealth        | 2 3 4 |  4.6
Fighting       | 1 2 3 4 |  4.3
Conjurations   | 2 3 4 5 6 |  6.3
Summonings     | 2 3 4 |  4.5
Spellcasting   | 4 5 6 |  6.6
Air Magic      | 2 |  2.0
Necromancy     | 1 |  1.8
Evocations     | 1 |  1.3
Ice Magic      | 1 |  1.2

Action                   |  1- 3 |  4- 6 |  7- 9 || total
-------------------------+-------+-------+-------++-------
Melee: Dagger            |   131 |   226 |   578 ||   935
       Punch             |     1 |     2 |     5 ||     8
       Staff             |       |       |    23 ||    23
       Whip              |       |       |     2 ||     2
 Cast: Magic Dart        |    60 |    12 |   130 ||   202
       Call Imp          |     6 |     8 |    25 ||    39
       Shock             |       |       |    54 ||    54
       Freeze            |       |       |     3 ||     3
Evoke: Wand              |       |       |     1 ||     1
  Use: Potion            |       |     5 |     3 ||     8
       Scroll            |       |     3 |    18 ||    21
 Stab: Paralysed         |     3 |    11 |    39 ||    53
       Sleeping          |     2 |     2 |     8 ||    12
       Distracted        |       |       |     1 ||     1
Armor: Robe              |    28 |    10 |       ||    38
       Skin              |       |    92 |    36 ||   128
       Leather armour    |       |    90 |   308 ||   398
Dodge: Dodged            |   110 |   181 |   471 ||   762
Block: Other             |       |       |    16 ||    16

Table legend: (Time is in decaauts)
 A = Elapsed time spent in this place.
 B = Non-inter-level travel time spent in this place.
 C = Inter-level travel time spent in this place.
 D = Time resting spent in this place.
 E = Time spent auto-exploring this place.
 F = Levels seen in this place.
 G = Mean time per level.
                   A        B        C        D        E       F      G
               +--------+--------+--------+--------+--------+-----+--------+
         Total |  10843 |   9707 |   1136 |   1150 |   5728 |  11 |  985.7 |
       Dungeon |   9478 |   8416 |   1062 |    845 |   5378 |   8 | 1184.8 |
        Temple |    377 |    303 |     74 |      0 |    290 |   1 |  377.0 |
         Sewer |    473 |    473 |      0 |    128 |     59 |   1 |  473.0 |
       Ossuary |    513 |    513 |      0 |    177 |      0 |   1 |  513.0 |
               +--------+--------+--------+--------+--------+-----+--------+

Top non-repeatable levels by time:
     D:2: 1466 daAuts
     D:5: 1436 daAuts
     D:6: 1338 daAuts
     D:7: 1334 daAuts
     D:3: 1271 daAuts
     D:1: 1016 daAuts
     D:4: 973 daAuts
     D:8: 641 daAuts
 Ossuary: 513 daAuts
   Sewer: 473 daAuts
  Temple: 377 daAuts
